 Dungeon Crawl Stone Soup version 0.30-a0-122-g2a1322497e (webtiles) character file.

Game seed: 17586511021319011799

55 porpoise the Shooter (level 4, -5/26 HPs)
             Began as a Kobold Hexslinger on Sept 17, 2022.
             Slain by a gnoll
             ... wielding a +0 club
              (6 damage)
             ... on level 2 of the Dungeon.
             The game lasted 00:05:37 (1905 turns).

porpoise the Shooter (Kobold Hexslinger)            Turns: 1905, Time: 00:05:38

Health: -5/26      AC:  2    Str:  7    XL:     4   Next: 14%
Magic:  5/5        EV: 15    Int: 14    God:
Gold:   40         SH:  0    Dex: 17    Spells: 4/5 levels left

rFire   . . .      SeeInvis .    b - +0 rapier
rCold   . . .      Faith    .    (no shield)
rNeg    . . .      Spirit   .    c - +0 robe
rPois   .          Reflect  .    (no helmet)
rElec   .          Harm     .    (no cloak)
rCorr   .          Rampage  .    (no gloves)
Will    .....                    (no boots)
Stlth   +++.......               (no amulet)
HPRegen 0.08/turn                (no ring)
MPRegen 0.09/turn                (no ring)

@: no status effects
A: small, no large weapons, nightstalker 3
a: no special abilities


You were on level 2 of the Dungeon.
You visited 1 branch of the dungeon, and saw 2 of its levels.

You collected 40 gold pieces.

Inventory:

Hand Weapons
 a - a +1 sling
 b - a +0 rapier (weapon)
 j - a +2 whip of flaming
Armour
 c - a +0 robe (worn)
Scrolls
 d - 3 scrolls of teleportation {unknown}
 e - a scroll of poison
 i - a scroll of magic mapping {unknown}
 l - a scroll of immolation
 m - a scroll of fear {unknown}
 n - a scroll of identify {unknown}
Potions
 g - a potion of curing {unknown}
 h - a potion of degeneration {unknown}
 k - a potion of attraction {unknown}


   Skills:
 + Level 2.2 Fighting
 * Level 1.6 Short Blades
 + Level 3.6 Ranged Weapons
 - Level 2.4 Dodging
 + Level 2.4 Stealth
 - Level 1.1 Spellcasting
 - Level 3.0 Hexes


You had 4 spell levels left.
You knew the following spells:

 Your Spells              Type           Power      Damage    Failure   Level
a - Slow                  Hex            36%        N/A       8%          1

Your spell library contained the following spells:

 Spells                   Type           Power      Damage    Failure   Level
 Inner Flame              Hex/Fire       4%         N/A       38%         3
 Portal Projectile        Hex/Tloc       8%         N/A       38%         3
 Cause Fear               Hex            4%         N/A       58%         4


Dungeon Overview and Level Annotations

Branches:
Dungeon (2/15)

Altars:


Innate Abilities, Weirdness & Mutations

You are small and have problems with some larger weapons.
You are completely attuned to the shadows.


Message History

Unknown command.
Throw: 2 darts (poison)
Press: ? - help, Q - select action, (/) - cycle Shift-Dir - straight line, f/p - gnoll
Aim: a gnoll, wielding a +0 flail (64% to hit)
You throw a poisoned dart. The poisoned dart hits the gnoll.
The gnoll is poisoned.
Unknown command.
Throw: dart (poison)
Press: ? - help, Q - select action, (/) - cycle Shift-Dir - straight line, f/p - gnoll
Aim: a gnoll, wielding a +0 flail (poisoned, 64% to hit)
You throw a poisoned dart. The poisoned dart hits the gnoll.
The gnoll is poisoned.
Unknown command.
Unknown command.
Unknown command.
Unknown command.
a - a +1 sling (weapon)
You shoot a sling bullet. The sling bullet hits the gnoll.
The gnoll is moderately wounded.
The gnoll completely misses you. The gnoll barely misses you.
The gnoll completely misses you.
b - a +0 rapier (weapon)
You hit the gnoll.
The gnoll is heavily wounded.
The gnoll hits you with a +0 club.
The gnoll hits you from afar with a +0 spear.
You closely miss the gnoll.
The gnoll is heavily wounded.
The gnoll closely misses you. The gnoll completely misses you.
You hit the gnoll but do no damage.
The gnoll is heavily wounded.
The gnoll hits you from afar with a +0 spear!
The gnoll hits you with a +0 club.
* * * LOW HITPOINT WARNING * * *
You closely miss the gnoll.
The gnoll is heavily wounded.
The gnoll looks more healthy.
The gnoll hits you with a +0 club.
* * * LOW HITPOINT WARNING * * *
The gnoll barely misses you. The gnoll hits you with a +0 club.
You die...

#.#<##.#
############...##.#####
##>.....)...............
#...##########.......###
#...# #...............
#...# ##.###........###
#...# #...##........#
#g.(.g##....#........#
(.gg@....#.##########
.####......# #.
#......#########.
#................
#..#.#.###.#####.
#..#.#.###.#####.
#..#.#...#.....[.
#......#........#
####...#......#..


You could see 3 gnolls.

Vanquished Creatures
  A gnoll (D:2)
  A worm (D:2)
  A dart slug (D:2)
  5 ball pythons
  2 endoplasms
  3 giant cockroaches
  5 hobgoblins (D:1)
  7 kobolds
  4 bats
  2 frilled lizards
  A goblin (D:1)
  5 rats
37 creatures vanquished.

Notes
Turn   | Place    | Note
-------+----------+-------------------------------------------
     0 | D:1      | porpoise the Kobold Hexslinger began the quest for the Orb.
     0 | D:1      | Reached XP level 1. HP: 12/12 MP: 2/2
   232 | D:1      | Reached skill level 1 in Stealth
   233 | D:1      | Reached XP level 2. HP: 4/16 MP: 3/3
  1005 | D:1      | Reached XP level 3. HP: 16/21 MP: 4/4
  1271 | D:2      | Reached skill level 1 in Short Blades
  1273 | D:2      | Found a faded altar of an unknown god.
  1762 | D:2      | Reached XP level 4. HP: 18/26 MP: 5/5
  1905 | D:2      | HP: 1/26 [gnoll/+0 club (6)]
  1905 | D:2      | Slain by a gnoll

Illustrated notes

Levels and vault maps discovered:
D:1:      saegor_arrival_under_anarchy, layout_basic
D:2:      layout_basic, hellmonk_ecumenical_altar_blasted

Skill      XL: |  1  2  3 |
---------------+----------+-----
Stealth        | 1 2 |  2.4
Ranged Weapons | 3 |  3.6
Fighting       | 2 |  2.2
Short Blades   | 1 |  1.6
Dodging        | |  2.4
Spellcasting   | |  1.1
Hexes          | |  3.0

Action                   |  1- 3 |  4- 6 || total
-------------------------+-------+-------++-------
Melee: Whip              |    14 |       ||    14
       Rapier            |    39 |     4 ||    43
 Fire: Sling             |    64 |     1 ||    65
Throw: Dart              |    10 |     5 ||    15
 Stab: Sleeping          |     5 |       ||     5
Armor: Robe              |     9 |       ||     9
Dodge: Dodged            |    63 |     6 ||    69

Table legend: (Time is in decaauts)
 A = Elapsed time spent in this place.
 B = Non-inter-level travel time spent in this place.
 C = Inter-level travel time spent in this place.
 D = Time resting spent in this place.
 E = Time spent auto-exploring this place.
 F = Levels seen in this place.
 G = Mean time per level.
                   A        B        C        D        E       F      G
               +--------+--------+--------+--------+--------+-----+--------+
         Total |   1918 |   1897 |     21 |    927 |    616 |   2 |  959.0 |
       Dungeon |   1918 |   1897 |     21 |    927 |    616 |   2 |  959.0 |
               +--------+--------+--------+--------+--------+-----+--------+

Top non-repeatable levels by time:
     D:1: 1171 daAuts
     D:2: 747 daAuts
